 Dungeon Crawl Stone Soup version 0.30-a0-857-gcaf70739d4 (webtiles) character file.

Game seed: 667776785430684965

6195 Maxmaps the Skirmisher (level 10, -8/59 (79) HPs)
             Began as a Gnoll Hunter on Mar 5, 2023.
             Was an Initiate of Gozag.
             Killed from afar by Erica (21 damage)
             ... with a bolt of acid
             ... on level 8 of the Dungeon.
             The game lasted 00:14:25 (10142 turns).

Maxmaps the Skirmisher (Gnoll Hunter)              Turns: 10142, Time: 00:14:26

HP:   -8/59 (79)    AC: 11    Str: 10    XL:     10   Next: 91%
MP:   18/18         EV: 15    Int: 13    God:    Gozag
Gold: 483           SH:  0    Dex: 16    Spells: 20/20 levels left

rFire   + . .      SeeInvis .    n - +0 dagger (elec)
rCold   + . .      Faith    .    (no shield)
rNeg    . . .      Spirit   .    m - +2 leather armour {rC+}
rPois   .          Reflect  .    x - +0 helmet
rElec   .          Rampage  .    s - +0 cloak
rCorr   .                        G - +0 pair of gloves
Will    .....                    o - +1 pair of boots
Stlth   +++                      v - amulet of magic regeneration
HPRegen 0.29/turn                A - ring of protection from fire
MPRegen 0.56/turn                C - ring of flight

@: flying, hasted and slowed, very heavily drained
A: fangs 1, strong nose, distributed training
a: Renounce Religion, Potion Petition, Call Merchant, Bribe Branch


You were on level 8 of the Dungeon.
You worshipped Gozag.
Gozag was aware of your devotion.
You visited 2 branches of the dungeon, and saw 9 of its levels.
You also visited: Sewer.

You collected 1188 gold pieces.
You spent 210 gold pieces at shops.
You paid 495 gold pieces to Gozag.

Inventory:

Hand Weapons
 a - a +1 shortbow
 n - a +0 dagger of electrocution (weapon)
Missiles
 H - 6 javelins
Armour
 m - a +2 leather armour of cold resistance (worn)
 o - a +1 pair of boots (worn)
 s - a +0 cloak (worn)
 x - a +0 helmet (worn)
 G - a +0 pair of gloves (worn)
Jewellery
 c - a ring of fire
 k - a ring of wizardry
 v - an amulet of magic regeneration (around neck)
 A - a ring of protection from fire (left hand)
 C - a ring of flight (right hand)
Wands
 r - a wand of flame (7)
 y - a wand of polymorph (7)
 z - a wand of mindburst (15)
 I - a wand of paralysis (7)
Scrolls
 b - 4 scrolls of immolation
 q - a scroll of identify
 u - a scroll of fog
 B - a scroll of enchant armour
 D - a scroll of summoning
Potions
 d - a potion of berserk rage
 e - 3 potions of attraction
 f - 2 potions of mutation
 g - 2 potions of lignification
 i - a potion of heal wounds
 j - 2 potions of curing
 l - 3 potions of brilliance
 t - 6 potions of flight
 w - 8 potions of might


   Skills:
 + Level 7.6 Fighting
 + Level 5.9 Short Blades
 + Level 5.9 Long Blades
 + Level 5.9 Axes
 + Level 5.9 Maces & Flails
 + Level 5.9 Polearms
 + Level 5.9 Staves
 + Level 10.4 Ranged Weapons
 + Level 5.9 Throwing
 + Level 5.9 Armour
 + Level 7.6 Dodging
 + Level 6.4 Stealth
 + Level 5.9 Shields
 + Level 5.9 Unarmed Combat
 + Level 5.9 Spellcasting
 + Level 4.9 Conjurations
 + Level 4.9 Hexes
 + Level 4.9 Summonings
 + Level 4.9 Necromancy
 + Level 4.9 Translocations
 + Level 4.9 Transmutations
 + Level 4.9 Fire Magic
 + Level 4.9 Ice Magic
 + Level 4.9 Air Magic
 + Level 4.9 Earth Magic
 + Level 4.9 Poison Magic
 + Level 6.5 Invocations
 + Level 5.9 Evocations


You had 20 spell levels left.
You didn't know any spells.
Your spell library contained the following spells:

 Spells                   Type           Power      Damage    Failure   Level
 Beastly Appendage        Tmut           32%        N/A       2%          1
 Slow                     Hex            64%        N/A       2%          1
 Summon Small Mammal      Summ           64%        N/A       2%          1
 Blink                    Tloc           32%        N/A       4%          2
 Lesser Beckoning         Tloc           32%        N/A       4%          2
 Momentum Strike          Conj/Tloc      32%        3d8       4%          2
 Wereblood                Tmut           16%        N/A       4%          2
 Call Canine Familiar     Summ           16%        N/A       9%          3
 Gell's Gravitas          Tloc           16%        N/A       9%          3
 Spider Form              Tmut/Pois      16%        N/A       9%          3
 Summon Guardian Golem    Hex/Summ       16%        N/A       9%          3
 Teleport Other           Tloc           16%        N/A       9%          3


Dungeon Overview and Level Annotations

Branches:
Dungeon (8/15)             Temple (1/1) D:6           Sewer (visited)
   Lair: D:8-11

Altars:
Ashenzari
Cheibriados
Dithmenos
Elyvilon
Fedhas
Gozag
Hepliaklqana
Kikubaaqudgha
Makhleb
Nemelex Xobeh
Okawaru
Qazlal
Ru
Sif Muna
Trog
Uskayaw
Vehumet
Wu Jian
Xom
Yredelemnul
Zin
The Shining One

Shops:
D:1 !   D:7 *

Annotations:
D:4 3 runed translucent doors, Monkooky's ghost, amateur DgAr
D:8 Erica


Innate Abilities, Weirdness & Mutations

You have very sharp teeth.
Your uncanny sense of smell can sniff out nearby items.
Your experience applies equally to all skills.


Message History

Erica is heavily wounded.
Erica points at you and mumbles some strange words.
You resist with significant effort.
You hit Erica. You bite Erica, but do no damage.
Erica is heavily wounded.
Erica hits you with a +4 scimitar of flaming!
You hit Erica but do no damage. Your punch misses Erica.
Erica is heavily wounded.
Erica hits you but does no damage.
You completely miss Erica.
Erica is heavily wounded.
Erica zaps a wand.
The bolt of acid hits you!
You hit Erica. You bite Erica, but do no damage.
Erica is heavily wounded.
Erica zaps a wand.
The bolt of acid hits you!
* * * LOW HITPOINT WARNING * * *
You barely miss Erica. You bite Erica, but do no damage.
Erica is heavily wounded.
Erica zaps a wand.
The bolt of acid misses you.
Okay, then. [a] - 232 gold - heal wounds and curing [b] - 420 gold - haste and heal wounds [c] - 348 gold - brilliance and magic Purchase which effect?
You no longer have enough gold to fund merchants seeking to open stores in the dungeon.
You feel yourself speed up.
You feel much better.
Erica hits you with a +4 scimitar of flaming!
Erica burns you.
Erica hits you with a +4 scimitar of flaming.
You hit Erica.
Erica is heavily wounded.
Erica zaps a wand.
The bolt of acid hits you!
* * * LOW HITPOINT WARNING * * *
You hit Erica.
Erica is heavily wounded.
You barely miss Erica.
Erica is heavily wounded.
Erica zaps a wand.
The bolt of acid hits you!!
You die...
Your body crumbles into a pile of gold.

######################
.....................#
.....................#
......@@.............#
#####'###......###.......#
#...?..###########.)####'###
#................'..'.......
#................#..#.#...#.
#..............).#..#.#._.#.
#...##{##.##....#####.#...#.
#...##.##.##....###.'.......
#...'...............####'###


You could see Erica.

Vanquished Creatures
  A two-headed ogre (D:8)
  Joseph (D:8)
  Grinder (D:4)
  A steam dragon (D:8)
  Eustachio (D:5)
  Grum (D:8)
  Menkaure (D:4)
  2 water moccasins (D:7)
  Duvessa (D:5)
  3 black bears
  4 orc warriors
  3 sky beasts
  An ogre (D:4)
  2 wolves (D:8)
  2 centaurs (D:7)
  A phantom (D:6)
  2 kobold brigands
  2 bullfrogs
  4 scorpions
  Dowan (D:5)
  12 wights
  A killer bee (D:7)
  2 howler monkeys
  8 crimson imps (D:8)
  A hound (D:6)
  A bullfrog zombie (D:5)
  2 gnoll boudas
  6 orc priests
  Crazy Yiuf (D:6)
  3 scorpion zombies (D:5)
  2 sleepcaps
  Natasha (thrice) (D:3)
  3 iguanas
  11 orc wizards
  Robin (D:4)
  5 gnolls (D:8)
  6 adders
  2 river rats (Sewer)
  3 shadow imps
  4 ufetubi
  An adder zombie (D:5)
  3 worms
  3 dart slugs
  51 orcs
  8 endoplasms
  3 giant cockroaches
  19 goblins
  10 hobgoblins
  10 jackals
  6 quokkas
  18 ball pythons
  5 bats
  3 frilled lizards
  30 kobolds
  23 rats
305 creatures vanquished.

Vanquished Creatures (others)
  A fungus (D:4)
  3 plants (D:4)
4 creatures vanquished.

Grand Total: 309 creatures vanquished

Notes
Turn   | Place    | Note
-------+----------+-------------------------------------------
     0 | D:1      | Maxmaps the Gnoll Hunter began the quest for the Orb.
     0 | D:1      | Reached XP level 1. HP: 20/20 MP: 1/1
   133 | D:1      | Reached XP level 2. HP: 24/26 MP: 2/2
   249 | D:1      | Found Wourch's Distillery.
   475 | D:1      | Reached XP level 3. HP: 26/31 MP: 3/3
   774 | D:2      | Reached skill level 1 in Invocations
  1087 | D:2      | Found a glowing silver altar of Zin.
  1109 | D:2      | Reached skill level 1 in Short Blades
  1109 | D:2      | Reached skill level 1 in Long Blades
  1109 | D:2      | Reached skill level 1 in Axes
  1109 | D:2      | Reached skill level 1 in Maces & Flails
  1109 | D:2      | Reached skill level 1 in Polearms
  1109 | D:2      | Reached skill level 1 in Staves
  1109 | D:2      | Reached skill level 1 in Throwing
  1109 | D:2      | Reached skill level 1 in Armour
  1109 | D:2      | Reached skill level 1 in Shields
  1109 | D:2      | Reached skill level 1 in Unarmed Combat
  1109 | D:2      | Reached skill level 1 in Spellcasting
  1109 | D:2      | Reached skill level 1 in Evocations
  1389 | D:3      | Reached XP level 4. HP: 38/38 MP: 5/5
  1390 | D:3      | Reached skill level 1 in Conjurations
  1390 | D:3      | Reached skill level 1 in Hexes
  1390 | D:3      | Reached skill level 1 in Summonings
  1390 | D:3      | Reached skill level 1 in Necromancy
  1390 | D:3      | Reached skill level 1 in Translocations
  1390 | D:3      | Reached skill level 1 in Transmutations
  1390 | D:3      | Reached skill level 1 in Fire Magic
  1390 | D:3      | Reached skill level 1 in Ice Magic
  1390 | D:3      | Reached skill level 1 in Air Magic
  1390 | D:3      | Reached skill level 1 in Earth Magic
  1390 | D:3      | Reached skill level 1 in Poison Magic
  1534 | D:3      | Found a faded altar of an unknown god.
  1542 | D:3      | Got Plato's Teachings on Malisons
  1694 | D:3      | Noticed Natasha
  1701 | D:3      | Killed Natasha
  1702 | D:3      | Reached XP level 5. HP: 37/43 MP: 5/7
  1878 | D:3      | Found a shadowy altar of Dithmenos.
  1887 | D:3      | Found a blossoming altar of Fedhas.
  1927 | D:3      | Noticed Natasha
  1940 | D:3      | Killed Natasha
  2040 | D:3      | Noticed Natasha
  2043 | D:3      | Killed Natasha
  2224 | D:4      | Noticed an ogre
  2232 | D:4      | Killed an ogre
  2233 | D:4      | Reached skill level 5 in Fighting
  2233 | D:4      | Reached skill level 5 in Dodging
  2233 | D:4      | Reached XP level 6. HP: 19/51 MP: 7/9
  2488 | D:4      | Noticed a black bear
  2499 | D:4      | Killed a black bear
  2501 | D:4      | Reached XP level 7. HP: 29/56 MP: 10/10
  2598 | D:4      | Noticed Robin
  2980 | D:4      | Noticed Grinder
  2993 | D:4      | Killed Grinder
  2994 | D:4      | Reached skill level 9 in Ranged Weapons
  3013 | D:4      | Found a runed translucent gate.
  3013 | D:4      | Found a runed translucent gate.
  3013 | D:4      | Found a runed translucent gate.
  3017 | D:4      | Noticed Monkooky's ghost (amateur DgAr)
  3114 | D:4      | Killed Robin
  3243 | D:4      | Noticed Menkaure
  3253 | D:4      | Killed Menkaure
  3548 | D:5      | Entered Level 5 of the Dungeon
  3579 | D:5      | Reached XP level 8. HP: 54/63 MP: 12/12
  3624 | D:5      | Found a glowing drain.
  3635 | Sewer    | Entered a sewer
  4239 | D:5      | Found a basalt altar of Yredelemnul.
  4342 | D:5      | Noticed Eustachio
  4364 | D:5      | Killed Eustachio
  4649 | D:5      | HP: 3/64 [orc priest/divine providence (10)]
  4947 | D:5      | Noticed Dowan
  4948 | D:5      | Noticed Duvessa
  4957 | D:5      | Killed Duvessa
  4958 | D:5      | Killed Dowan
  5079 | D:5      | Found a sacrificial altar of Ru.
  5309 | D:6      | Reached XP level 9. HP: 46/69 MP: 13/15
  5473 | D:6      | Found an ancient bone altar of Kikubaaqudgha.
  5559 | D:6      | Found a staircase to the Ecumenical Temple.
  5578 | Temple   | Entered the Ecumenical Temple
  5699 | Temple   | Became a worshipper of Gozag Ym Sagoz the Greedy
  6027 | D:6      | Found a runed translucent door.
  6028 | D:6      | Noticed Crazy Yiuf
  6134 | D:6      | Killed Crazy Yiuf
  6344 | D:6      | Reached skill level 5 in Stealth
  6676 | D:7      | Found Vittos's Assorted Antiques.
  6688 | D:7      | Bought a forked brass wand for 84 gold pieces
  6688 | D:7      | Bought an iron ring for 105 gold pieces
  6688 | D:7      | Bought a scroll labelled LYXUPY COPP for 21 gold pieces
  6906 | D:7      | Reached skill level 5 in Invocations
  7567 | D:7      | Found a hide-covered altar of Uskayaw.
  7837 | D:7      | Reached skill level 5 in Short Blades
  7837 | D:7      | Reached skill level 5 in Long Blades
  7837 | D:7      | Reached skill level 5 in Axes
  7837 | D:7      | Reached skill level 5 in Maces & Flails
  7837 | D:7      | Reached skill level 5 in Polearms
  7837 | D:7      | Reached skill level 5 in Staves
  7837 | D:7      | Reached skill level 5 in Throwing
  7837 | D:7      | Reached skill level 5 in Armour
  7837 | D:7      | Reached skill level 5 in Shields
  7837 | D:7      | Reached skill level 5 in Unarmed Combat
  7837 | D:7      | Reached skill level 5 in Spellcasting
  7837 | D:7      | Reached skill level 5 in Evocations
  7837 | D:7      | Reached XP level 10. HP: 77/77 MP: 17/17
  7994 | D:7      | Reached skill level 10 in Ranged Weapons
  8629 | D:8      | Noticed Joseph
  8652 | D:8      | Killed Joseph
  8797 | D:8      | Noticed Grum
  8813 | D:8      | Killed Grum
  8884 | D:8      | Noticed a two-headed ogre
  8908 | D:8      | Killed a two-headed ogre
  9460 | D:8      | Found a shimmering blue altar of Sif Muna.
  9706 | D:8      | Found an ornate altar of the Wu Jian Council.
  9888 | D:8      | Noticed Erica
 10142 | D:8      | Killed from afar by Erica

Illustrated notes

Levels and vault maps discovered:
D:1:      nicolae_arrival_memento_mori, layout_basic, serial_shops,
          nicolae_diamond_shop
D:2:      minmay_chambers_of_ones, layout_basic, basic_altar
D:3:      layout_rooms, mainiacjoe_overflow_swirl,
          shapermc_ecumenical_altar_rom_forum, kennysheep_doodads, uniq_natasha
D:4:      layout_rooms, gammafunk_ghost_nasty_kobolds, grunt_ministairs_7,
          kennysheep_small_square, uniq_menkaure, uniq_grinder, uniq_robin
D:5:      layout_basic, old_standard_altar, nicolae_yredelemnul_corpse_copse,
          cheibrodos_sewer_entry_sluice, hex_medium, uniq_eustachio,
          uniq_duvessa
D:6:      layout_cave_pools, old_standard_altar, minmay_temple_entry_large_hall,
          uniq_crazy_yiuf_cottage
D:7:      layout_basic, amcnicky_altar_gilded, serial_shops, shop,
          minmay_joined_circles
D:8:      layout_gridville, mainiacjoe_overflow_six_doors_small,
          nzn_wu_jian_contemplation, special_room [special_room_orc],
          minmay_nine_imps, uniq_grum, uniq_erica, uniq_joseph
Temple:   nicolae_temple_superstar

Skill      XL: |  1  2  3  4  5  6  7  8  9 10 |
---------------+-------------------------------+-----
Invocations    | 1 2 3 4 5 6 |  6.5
Short Blades   | 1 2 3 4 5 |  5.9
Long Blades    | 1 2 3 4 5 |  5.9
Axes           | 1 2 3 4 5 |  5.9
Maces & Flails | 1 2 3 4 5 |  5.9
Polearms       | 1 2 3 4 5 |  5.9
Staves         | 1 2 3 4 5 |  5.9
Throwing       | 1 2 3 4 5 |  5.9
Armour         | 1 2 3 4 5 |  5.9
Shields        | 1 2 3 4 5 |  5.9
Unarmed Combat | 1 2 3 4 5 |  5.9
Spellcasting   | 1 2 3 4 5 |  5.9
Evocations     | 1 2 3 4 5 |  5.9
Conjurations   | 1 2 3 4 |  4.9
Hexes          | 1 2 3 4 |  4.9
Summonings     | 1 2 3 4 |  4.9
Necromancy     | 1 2 3 4 |  4.9
Translocations | 1 2 3 4 |  4.9
Transmutations | 1 2 3 4 |  4.9
Fire Magic     | 1 2 3 4 |  4.9
Ice Magic      | 1 2 3 4 |  4.9
Air Magic      | 1 2 3 4 |  4.9
Earth Magic    | 1 2 3 4 |  4.9
Poison Magic   | 1 2 3 4 |  4.9
Fighting       | 5 6 7 |  7.6
Dodging        | 5 6 7 |  7.6
Stealth        | 3 4 5 6 |  6.4
Ranged Weapons | 9 10 | 10.4

Action                     |  1- 3 |  4- 6 |  7- 9 | 10-12 || total
---------------------------+-------+-------+-------+-------++-------
  Melee: Unarmed           |       |       |     6 |       ||     6
         Shortbow          |       |       |     2 |       ||     2
         Dagger            |       |       |    86 |    38 ||   124
         Bite              |       |       |    11 |     7 ||    18
         Punch             |       |       |     2 |     1 ||     3
   Fire: Shortbow          |    99 |   146 |   560 |   381 ||  1186
 Invoke: Potion Petition   |       |       |       |     1 ||     1
    Use: Scroll            |       |       |    16 |     7 ||    23
         Potion            |       |       |     4 |     3 ||     7
   Stab: Distracted        |       |       |     1 |       ||     1
 Armour: Leather armour    |     6 |       |    81 |    74 ||   161
         Ring mail         |     2 |    37 |    98 |       ||   137
         Skin              |       |       |     1 |     8 ||     9
  Dodge: Dodged            |    35 |    71 |   295 |   199 ||   600

Table legend: (Time is in decaauts)
 A = Elapsed time spent in this place.
 B = Non-inter-level travel time spent in this place.
 C = Inter-level travel time spent in this place.
 D = Time resting spent in this place.
 E = Time spent auto-exploring this place.
 F = Levels seen in this place.
 G = Mean time per level.
                   A        B        C        D        E       F      G
               +--------+--------+--------+--------+--------+-----+--------+
         Total |  10236 |   9986 |    250 |   2377 |   5334 |  10 | 1023.6 |
       Dungeon |   9563 |   9326 |    237 |   2377 |   4882 |   8 | 1195.4 |
        Temple |    134 |    121 |     13 |      0 |    100 |   1 |  134.0 |
         Sewer |    538 |    538 |      0 |      0 |    352 |   1 |  538.0 |
               +--------+--------+--------+--------+--------+-----+--------+

Top non-repeatable levels by time:
     D:8: 1998 daAuts
     D:7: 1621 daAuts
     D:5: 1266 daAuts
     D:4: 1252 daAuts
     D:6: 1061 daAuts
     D:3: 949 daAuts
     D:1: 711 daAuts
     D:2: 702 daAuts
   Sewer: 538 daAuts
  Temple: 134 daAuts
